Map: King's Cove LE

Players

Probe

  • Race: Protoss Protoss
  • Spawn Location: 5:00

Cloudy - Winner!

  • Race: Protoss Protoss
  • Spawn Location: 11:00

Event: 2019 WCS Spring

VOD

Have the link to the VOD?

Description

Time

  • Played on: May 17, 2019, 2:08 p.m.
  • Length: 8:54

All games in this series

Show
View Real Time Build Order
Export as new Build Order

Probe Protoss 

Build Orders: Phoenix Opening, Blink Stalkers 

Get SALT Encoding   

  12  0:00  Probe  
  13  0:12  Probe  
  14  0:18  Pylon  
  14  0:24  Probe  
  15  0:32  Probe  
  15  0:39  Gateway  
  15  0:40  Probe  
  16  0:46  Assimilator  
  17  0:51  Probe  
  17  0:55  Assimilator  
  18  0:59  Probe  
  19  1:07  Probe  
  19  1:09  Gateway  
  19  1:17  Probe  
  21  1:26  Cybernetics Core  
  21  1:29  Probe  
  22  1:41  Probe  
  22  1:42  Pylon  
  23  2:00  Probe  
  24  2:02  Stalker, Warp Gate, Sentry  
  28  2:09  Pylon  
  28  2:12  Probe  
  29  2:24  Probe  
  29  2:26  Pylon  
  30  2:32  Stalker  
  34  2:37  Phoenix  
  34  2:44  Twilight Council  
  32  3:01  Nexus  
  32  3:08  Probe  
  32  3:10  Blink  
  32  3:11  Stalker  
  34  3:23  Probe  
  35  3:29  Pylon  
  35  3:35  Probe  
  36  3:50  Stalker  
  36  3:51  Stalker  
  36  3:54  Shield Battery  
  40  4:07  Pylon  
  40  4:17  Stalker x2  
  40  4:19  Probe  
  45  4:27  Probe  
  45  4:28  Probe  
  44  4:35  Probe  
  44  4:37  Forge  
  45  4:40  Probe  
  45  4:41  Sentry  
  49  4:46  Probe  
  49  4:47  Stalker  
  49  4:52  Phoenix  
  52  4:53  Probe  
  52  4:54  Probe, Robotics Facility  
  52  4:55  Protoss Ground Weapons Level 1  
  54  5:07  Pylon  
  54  5:14  Pylon  
  54  5:25  Probe x2  
  56  5:30  Assimilator  
  56  5:32  Stalker x2  
  60  5:37  Probe x2  
  60  5:48  Phoenix  
  60  5:49  Probe x2  
  58  6:01  Probe x2  
  58  6:03  Stalker x2  
  56  6:10  Charge  
  54  6:13  Probe  
  54  6:14  Probe  
  56  6:20  Gateway  
  56  6:21  Gateway  
  56  6:26  Probe x2  
  58  6:34  Nexus  
  58  6:38  Probe x2  
  60  6:44  Sentry, Gateway  
  60  6:45  Sentry  
  60  6:46  Gateway  
  62  6:52  Shield Battery x2  
  62  6:58  Robotics Bay  
  62  6:59  Gateway  
  62  7:12  Probe  
  62  7:13  Probe  
  62  7:14  Assimilator  
  64  7:21  Pylon x2, Robotics Facility  
  64  7:26  Stalker  
  64  7:27  Stalker, Pylon  
  64  7:28  Probe  
  69  7:34  Pylon  
  69  7:36  Disruptor  
  72  7:51  Stalker x2  
  72  7:54  Adept  
  78  8:04  Adept x4  
  78  8:18  Adept x3  
  64  8:29  Stalker  
  38  8:46  Zealot  
Show
View Real Time Build Order
Export as new Build Order

Cloudy Protoss - Winner!

Build Orders:  

Get SALT Encoding   

  12  0:01  Probe  
  13  0:13  Probe  
  14  0:18  Pylon  
  14  0:25  Probe  
  15  0:33  Probe  
  15  0:39  Gateway  
  15  0:41  Probe  
  17  0:51  Probe  
  17  0:52  Assimilator  
  18  0:58  Assimilator  
  18  1:02  Probe  
  19  1:10  Probe  
  19  1:17  Gateway  
  19  1:18  Probe  
  21  1:26  Cybernetics Core  
  21  1:30  Probe  
  22  1:39  Pylon  
  22  1:42  Probe  
  23  1:53  Warp Gate  
  23  1:57  Probe  
  24  2:04  Adept  
  24  2:06  Sentry  
  28  2:08  Pylon  
  28  2:20  Pylon  
  28  2:42  Stalker x2  
  32  2:53  Gateway  
  32  3:07  Nexus  
  32  3:19  Pylon  
  32  3:20  Probe  
  33  3:36  Probe  
  34  3:44  Stalker x2  
  34  3:47  Stalker  
  40  3:51  Probe  
  41  4:04  Robotics Facility  
  41  4:08  Stalker  
  41  4:20  Stalker  
  39  4:31  Probe  
  39  4:32  Probe  
  39  4:36  Pylon  
  39  4:38  Immortal  
  41  4:46  Probe x2  
  47  4:55  Adept  
  49  5:05  Shield Battery  
  48  5:09  Probe x2  
  48  5:10  Immortal  
  50  5:20  Sentry  
  56  5:22  Sentry  
  56  5:25  Probe  
  58  5:29  Probe  
  58  5:34  Probe, Twilight Council  
  61  5:52  Stalker  
  61  5:53  Resonating Glaives  
  61  5:55  Probe  
  62  6:05  Robotics Facility  
  62  6:11  Gateway  
  62  6:12  Probe x2, Pylon  
  62  6:15  Gateway  
  62  6:22  Gateway  
  62  6:24  Gateway  
  62  6:30  Gateway  
  62  6:36  Adept x2  
  66  6:44  Warp Prism  
  66  6:51  Adept  
  68  6:54  Pylon  
  68  6:57  Pylon  
  68  6:58  Pylon  
  70  7:12  Pylon  
  70  7:14  Pylon  
  70  7:17  Adept x4  
  78  7:26  Adept  
  78  7:27  Adept x2  
  84  7:32  Adept  
  86  7:37  Adept  
  86  7:38  Adept  
  86  7:42  Adept  
  92  7:50  Adept x2  
  86  7:59  Adept x3  
  86  8:02  Sentry x2  
  94  8:15  Observer  
  85  8:26  Zealot, Adept x3  
  85  8:27  Zealot x2  
  73  8:44  Pylon  
  69  8:53  Adept x6  
Tags
 
Add a new tag
Caveats
  • Supply blocks, unpowered buildings, or Contaminate may cause inaccurate times.
  • Supply counts are checked every 10 seconds.